 Seeded DCSS version 0.29.1-13-g9f3cf754e1 (webtiles) character file.

Game seed: 1 (custom seed)

19926 Kazon the Slicer (level 12, 0/64 HPs)
             Began as a Vine Stalker Fighter on Jan 23, 2023.
             Was an Elder of Makhleb.
             Killed from afar by a catoblepas (4 damage)
             ... with a blast of calcifying dust
             ... on level 2 of the Lair of Beasts on Jan 24, 2023.
             The game lasted 00:56:21 (10365 turns).

Kazon the Slicer (Vine Stalker Fighter)            Turns: 10365, Time: 00:56:22

Health: 0/64       AC:  9    Str: 18    XL:     12   Next: 74%
Magic:  0/17       EV: 14    Int: 10    God:    Makhleb [****..]
Gold:   132        SH:  8    Dex: 18    Spells: 11/11 levels left

rFire   + + +      SeeInvis .   a - +1 rapier (speed)
rCold   + + +      Faith    .   c - +2 buckler
rNeg    . . .      Spirit   +   R - +0 troll leather armour
rPois   +          Reflect  .   j - +0 helmet
rElec   .          Harm     .   S - scarf {rC+ rF+}
rCorr   .          Rampage  .   (no gloves)
Will    +....                   l - +2 pair of boots
Stlth   +++++.....              X - amulet "Odemouw" {Contam rPois rF+++ Regen+ Stlth+}
HPRegen 2.60/turn               E - ring of protection from cold
MPRegen 0.15/turn               P - ring of protection from cold

@: studying Short Blades
A: fangs 3, regeneration 1, magic shield, antimagic bite, no potion heal 2
a: Renounce Religion, Minor Destruction, Lesser Servant of Makhleb, Major
Destruction


You were on level 2 of the Lair of Beasts.
You worshipped Makhleb.
Makhleb was greatly pleased with you.
You visited 3 branches of the dungeon, and saw 15 of its levels.

You collected 1092 gold pieces.
You spent 960 gold pieces at shops.

Inventory:

Hand Weapons
 a - a +1 rapier of speed (weapon)
 e - a +2 dagger of venom
 f - the +2 Maxwell's thermic engine {flame, freeze}
   (You found it on level 1 of the Lair of Beasts)

   It burns those it strikes, dealing additional fire damage.
   Big, fiery blades are also staple armaments of hydra-hunters.
   It freezes those it strikes, dealing additional cold damage.
   It can also slow down cold-blooded creatures.
   It becomes more effective when it hits something.
   This effect fades over time.
 s - the +3 falchion of Winter {venom, rCorr}
   (You bought it in a shop on level 3 of the Dungeon)

   It poisons the flesh of those it strikes.
   rCorr:     It protects you from acid and corrosion.
Missiles
 k - 4 curare-tipped darts
 o - 27 boomerangs
 r - a throwing net
 y - 13 stones (quivered)
 I - 35 poisoned darts
Armour
 c - a +2 buckler (worn)
 j - a +0 helmet (worn)
 l - a +2 pair of boots (worn)
 R - a +0 troll leather armour (worn)
 S - a scarf of resistance (worn)
Jewellery
 E - a ring of protection from cold (left hand)
 L - a ring of magical power
 P - a ring of protection from cold (right hand)
 X - the amulet "Odemouw" (around neck) {Contam rPois rF+++ Regen+ Stlth+}
   (You bought it in a shop on level 8 of the Dungeon)

   [amulet of regeneration]

   rF:        It renders you almost immune to fire.
   rPois:     It protects you from poison.
   Contam:    It causes magical contamination when unequipped.
   Regen:     It increases your rate of health regeneration.
   Stlth:     It makes you more stealthy.
Wands
 z - a wand of mindburst (20)
 A - a wand of flame (41)
 K - a wand of paralysis (22)
 M - a wand of roots (6)
 T - a wand of polymorph (7)
Scrolls
 i - 9 scrolls of identify
 m - a scroll of immolation
 n - a scroll of enchant armour {unknown}
 p - 2 scrolls of poison {unknown}
 q - 3 scrolls of fog {unknown}
 u - 4 scrolls of teleportation
 w - a scroll of magic mapping {unknown}
 x - 2 scrolls of noise {unknown}
 G - 2 scrolls of enchant weapon {unknown}
 H - 3 scrolls of fear
 N - a scroll of summoning {unknown}
 Q - a scroll of amnesia {unknown}
 U - a scroll of vulnerability {unknown}
Potions
 b - 4 potions of berserk rage {unknown}
 d - 3 potions of might
 g - 2 potions of flight
 h - 5 potions of attraction {unknown}
 t - 3 potions of haste
 v - 6 potions of lignification {unknown}
 D - 2 potions of cancellation {unknown}
 F - 2 potions of magic
 J - 2 potions of curing
 W - a potion of mutation {unknown}
Miscellaneous
 O - a condenser vane
 V - a phial of floods


   Skills:
 * Level 7.9 Fighting
 + Level 9.2(10.4) Short Blades
 + Level 7.5(9.6) Long Blades
 + Level 5.3 Throwing
 + Level 5.5 Armour
 + Level 5.0 Dodging
 + Level 7.2 Stealth
 + Level 7.4 Shields
 * Level 6.0 Invocations
 * Level 6.3 Evocations


You had 11 spell levels left.
You didn't know any spells.
Your spell library contained the following spells:

 Spells                   Type           Power      Damage    Failure   Level
 Apportation              Tloc           0%         N/A       50%         1
 Magic Dart               Conj           0%         1d3       50%         1
 Necrotise                Necr           0%         1d4       50%         1
 Sting                    Tmut/Pois      0%         1d3       50%         1
 Summon Small Mammal      Summ           0%         N/A       50%         1
 Call Imp                 Summ           0%         N/A       63%         2
 Poisonous Vapours        Pois/Air       0%         N/A       63%         2
 Mephitic Cloud           Conj/Pois/Air  0%         N/A       86%         3
 Ozocubu's Armour         Ice            0%         N/A       86%         3
 Olgreb's Toxic Radiance  Pois           0%         N/A       99%         4
 Fireball                 Conj/Fire      0%         3d3       100%        5
 Iskenderun's Battlesphe  Conj           0%         2d6       100%        5
 Metabolic Englaciation   Hex/Ice        0%         N/A       100%        5
 Conjure Ball Lightning   Conj/Air       0%         3x3d6     100%        6
 Simulacrum               Ice/Necr       0%         N/A       100%        6
 Orb of Destruction       Conj           0%         9d5       100%        7


Dungeon Overview and Level Annotations

Branches:
Dungeon (12/15)            Temple (1/1) D:7            Lair (2/5) D:10
  Swamp: Lair:2-3    Shoals: Lair:2-3     Snake: Lair:2-3    Spider: Lair:2-3
    Orc: D:9-12

Altars:
Ashenzari
Elyvilon
Gozag
Hepliaklqana
Makhleb
Okawaru
Uskayaw

Shops:
D:3 (   D:8 ?(==   D:10 :

Annotations:
Lair:2 Fannar


Innate Abilities, Weirdness & Mutations

You have razor-sharp teeth.
Your natural rate of healing is unusually fast.
When hurt, damage is shared between your health and your magic reserves.
Your bite disrupts and absorbs the magic of your enemies.
Potions cannot restore your health.


Message History

You are engulfed in calcifying dust.
Fannar hits you with a +0 quarterstaff of freezing!
The catoblepas breathes in.
The catoblepas gores you but does no damage.
Your orange demon stings the cane toad!
Your orange demon hits the cane toad but does no damage.
You turn to flesh and can move again.
Fannar closely misses you.
You barely miss Fannar. Your bite misses Fannar.
Fannar is moderately wounded.
The catoblepas gores you but does no damage.
You block Fannar's attack.
You miss Fannar. Your bite misses Fannar.
Fannar is moderately wounded.
You hit Fannar but do no damage. You bite Fannar, but do no damage.
Fannar is moderately wounded.
Your orange demon barely misses Fannar.
Your orange demon hits Fannar.
Fannar looks weaker.
The catoblepas gores you!!
Fannar hits you with a +0 quarterstaff of freezing.
You hit Fannar. Your bite misses Fannar.
Fannar is moderately wounded.
You hit Fannar but do no damage. Your bite misses Fannar.
Fannar is moderately wounded.
Your orange demon stings Fannar!
Fannar looks as sick as possible!
Your orange demon poisons Fannar!
Your orange demon hits Fannar.
The catoblepas gores you!!
* * * LOW HITPOINT WARNING * * *
Fannar barely misses you.
The cane toad is no longer petrified.
Your orange demon stings Fannar.
Your orange demon hits Fannar but does no damage.
Fannar hits your orange demon with a +0 quarterstaff of freezing.
Fannar freezes your orange demon.
Something barely misses your orange demon.
Your orange demon disappears in a puff of smoke!
A demon appears!
Fannar hits you with a +0 quarterstaff of freezing.
* * * LOW HITPOINT WARNING * * *
The catoblepas breathes a plume of calcifying dust at you.
The blast of calcifying dust hits you.
You die...

.P.......##.####..
.........#........
........#..........
#...#~...#.........
......~~≈~~....#....##.
.....#~≈≈≈#...#...###
......≈≈≈~....F...#
......~≈≈≈#....eY.#
......~~≈≈#....#@.#
..#..#.~~#~....4..#
..#...........##..# ...
...#.###.##.#.##P.###...
....#######....P..#.....
....##.........>.........
.........................
#....#...................
....####...#.##....#.....


You could see Fannar (extremely poisoned, weak), a catoblepas (ally target), a
cane toad (weak) and a friendly hellwing (summoned, wandering).

Vanquished Creatures
  Erolcha (D:10)
  A two-headed ogre (D:9)
  Lodul (D:12)
  An ugly thing (D:11)
  A manticore (D:12)
  2 black mambas (Lair:1)
  A cane toad (Lair:1)
  Maggie (D:6)
  An unseen horror (D:12)
  4 kobold demonologists (D:11)
  5 komodo dragons
  A tengu conjurer (D:12)
  4 trolls
  Prince Ribbit (D:9)
  2 blink frogs
  2 shadows
  A vampire (D:10)
  2 wraiths (D:12)
  25 yaks
  2 wyverns
  A basilisk (Lair:1)
  Eustachio (D:5)
  2 steam dragons
  Menkaure (D:5)
  Edmund (D:6)
  2 acid dragons
  5 water moccasins
  5 orc warriors
  An ice beast (D:8)
  5 sky beasts
  2 black bears (D:6)
  5 centaurs
  7 ogres
  A wolf (D:10)
  2 phantoms (D:6)
  3 kobold brigands
  3 necrophages
  3 bullfrogs
  A gnoll sergeant (D:7)
  5 scorpions
  21 wights
  3 killer bees (D:10)
  An electric eel (D:10)
  A howler monkey (D:5)
  2 jellies (D:6)
  6 hounds
  7 orc priests
  A gnoll bouda (D:7)
  6 iguanas
  4 orc wizards
  Robin (D:3)
  15 gnolls
  13 adders
  3 shadow imps
  2 white imps (D:7)
  An ufetubus (D:5)
  3 worms
  37 orcs
  11 endoplasms
  A giant cockroach (D:1)
  16 goblins
  9 hobgoblins
  A jackal (D:4)
  27 kobolds
  A quokka (D:1)
  5 ball pythons
  4 bats
  3 frilled lizards
  6 rats
326 creatures vanquished.

Vanquished Creatures (others)
  A quokka (D:7)
  3 fungi (Lair:2)
  3 plants (Lair:2)
7 creatures vanquished.

Grand Total: 333 creatures vanquished

Notes
Turn   | Place    | Note
-------+----------+-------------------------------------------
     0 | D:1      | Kazon the Vine Stalker Fighter began the quest for the Orb.
     0 | D:1      | Reached XP level 1. HP: 11/11 MP: 2/2
    33 | D:1      | Identified a scroll of acquirement
    33 | D:1      | Acquired a manual of Short Blades
   210 | D:1      | Reached XP level 2. HP: 9/16 MP: 3/3
   911 | D:2      | Reached XP level 3. HP: 9/20 MP: 2/4
  1343 | D:2      | Gained mutation: Your natural rate of healing is unusually
                  | fast. [Vine Stalker growth]
  1343 | D:2      | Reached XP level 4. HP: 6/24 MP: 2/5
  1520 | D:3      | Found Umat's Antique Weapon Boutique.
  1548 | D:3      | Bought a crude falchion for 184 gold pieces
  1548 | D:3      | Identified the +3 falchion of Winter {venom, rCorr} (You
                  | bought it in a shop on level 3 of the Dungeon)
  1715 | D:3      | Noticed Robin
  1735 | D:3      | Reached XP level 5. HP: 28/28 MP: 6/6
  1776 | D:3      | Reached skill level 1 in Short Blades
  1782 | D:3      | Killed Robin
  1975 | D:3      | Reached skill level 5 in Fighting
  1975 | D:3      | Reached skill level 5 in Short Blades
  1975 | D:3      | Reached skill level 5 in Long Blades
  1975 | D:3      | Reached skill level 5 in Stealth
  1975 | D:3      | Reached skill level 5 in Shields
  1975 | D:3      | Reached XP level 6. HP: 35/35 MP: 7/7
  2327 | D:4      | Reached XP level 7. HP: 39/39 MP: 8/8
  2734 | D:4      | Found a hazy altar of Hepliaklqana.
  2925 | D:5      | Entered Level 5 of the Dungeon
  2956 | D:5      | Noticed Eustachio
  2976 | D:5      | Killed Eustachio
  2983 | D:5      | Gained mutation: You have razor-sharp teeth. [Vine Stalker
                  | growth]
  2983 | D:5      | Reached XP level 8. HP: 38/43 MP: 9/9
  3083 | D:5      | Reached skill level 1 in Evocations
  3215 | D:5      | Noticed Menkaure
  3230 | D:5      | Killed Menkaure
  3330 | D:5      | Reached skill level 5 in Armour
  3804 | D:6      | Reached skill level 6 in Short Blades
  3808 | D:5      | Reached XP level 9. HP: 27/47 MP: 4/10
  4180 | D:7      | Found a staircase to the Ecumenical Temple.
  4189 | Temple   | Entered the Ecumenical Temple
  4194 | Temple   | Became a worshipper of Makhleb the Destroyer
  4237 | D:7      | Found a hide-covered altar of Uskayaw.
  4362 | D:6      | Reached skill level 1 in Invocations
  4458 | D:6      | Noticed Edmund
  4486 | D:6      | Killed Edmund
  4552 | D:6      | Reached * piety under Makhleb
  4703 | D:6      | Reached XP level 10. HP: 51/51 MP: 12/12
  4783 | D:6      | Noticed Maggie
  4796 | D:6      | Killed Maggie
  4797 | D:6      | Reached skill level 7 in Short Blades
  5151 | D:7      | Found a white marble altar of Elyvilon.
  5498 | D:8      | Found Quzidd's Magic Scroll Emporium.
  5503 | D:8      | Bought a scroll of teleportation for 42 gold pieces
  5685 | D:8      | Found Zoxtaeshakh's Jewellery Boutique.
  5748 | D:8      | Found Heidghoki's Jewellery Shop.
  5981 | D:8      | Found Esumer's Weapon Shop.
  6412 | D:9      | Reached ** piety under Makhleb
  6528 | D:9      | Noticed Prince Ribbit
  6555 | D:9      | Killed Prince Ribbit
  6737 | D:9      | Noticed a two-headed ogre
  6750 | D:9      | Killed a two-headed ogre
  6751 | D:9      | Reached skill level 8 in Short Blades
  6751 | D:9      | Reached XP level 11. HP: 50/56 MP: 14/14
  7000 | D:10     | Entered Level 10 of the Dungeon
  7053 | D:10     | Found a staircase to the Lair.
  7116 | D:10     | Noticed Erolcha
  7136 | D:10     | Killed Erolcha
  7155 | D:10     | Identified the +5 long sword of the Land of Plenty {drain,
                  | Dex+3}
  7184 | D:10     | Found Juagoaq's Book Shoppe.
  7191 | D:10     | Reached skill level 5 in Throwing
  7433 | D:10     | Reached *** piety under Makhleb
  7447 | D:10     | Reached skill level 5 in Evocations
  8084 | D:11     | Noticed a green ugly thing
  8095 | D:11     | Killed a green ugly thing
  8307 | D:11     | Noticed a soul eater
  8350 | D:11     | Reached XP level 12. HP: 62/62 MP: 16/16
  8992 | D:12     | Reached skill level 9 in Short Blades
  9030 | D:12     | Reached skill level 5 in Invocations
  9151 | D:12     | Reached **** piety under Makhleb
  9197 | D:12     | Noticed Lodul
  9214 | D:12     | Killed Lodul
  9223 | D:12     | Reached skill level 5 in Dodging
  9344 | D:8      | Bought the amulet "Odemouw" {Contam rPois rF+++ Regen+
                  | Stlth+} for 734 gold pieces
  9418 | Lair:1   | Entered Level 1 of the Lair of Beasts
  9525 | Lair:1   | Found the +2 Maxwell's thermic engine {flame, freeze}
 10321 | Lair:2   | Noticed Fannar
 10339 | Lair:2   | Noticed a catoblepas
 10362 | Lair:2   | HP: 3/64 [catoblepas (26)]
 10365 | Lair:2   | Killed from afar by a catoblepas

Illustrated notes

Levels and vault maps discovered:
D:1:      dpeg_arrival_three_smaller_balls, layout_basic
D:2:      layout_loops_ring
D:3:      layout_basic, serial_shops, nicolae_shop_stone, st_stairs_9,
          minmay_misc_feat_doors, eino_curves_03, uniq_robin
D:4:      minmay_wonky_spiral, layout_basic,
          mainiacjoe_overflow_surrounded_room, minivault_5
D:5:      layout_cave_pods, uniq_menkaure, uniq_eustachio
D:6:      cheibrodos_barr_body, layout_basic, minmay_crystal_room,
          minmay_pentangle, uniq_maggie, uniq_edmund
D:7:      layout_cave_pools, nicolae_uskayaw_murder_on_the_dancefloor,
          elyvilon_altar_4, minmay_temple_entry_purple_smoke
D:8:      layout_basic, serial_shops, shop_statue, kennysheep_little_box, shop,
          nicolae_shop_window_shopping
D:9:      layout_cave_pools, uniq_prince_ribbit1
D:10:     layout_stronghold, erik_lair_island, serial_shops,
          nicolae_shop_statue_plus, uniq_erolcha
D:11:     layout_roguey
D:12:     layout_loops_ring, orc_0_dummy, chequers_serial_rivers_marsh,
          uniq_lodul, uniq_nessos, uniq_rupert
Temple:   nicolae_temple_bog_church
Lair:1:   layout_long_grid, fungi_pond_lemuel, cheibrodos_lair_reptile_den
Lair:2:   layout_gridlike, uniq_fannar

Skill      XL: |  1  2  3  4  5  6  7  8  9 10 11 12 |
---------------+-------------------------------------+-----
Shields        | 3 5 6 7 |  7.4
Long Blades    | 2 3 5 6 7 |  7.5
Fighting       | 3 5 6 7 |  7.9
Short Blades   | 5 6 8 9 |  9.2
Armour         | 4 5 |  5.5
Throwing       | 3 4 5 |  5.3
Dodging        | 3 4 5 |  5.0
Stealth        | 5 6 7 |  7.2
Evocations     | 2 3 4 6 |  6.3
Invocations    | 1 3 4 6 |  6.0

Action                   |  1- 3 |  4- 6 |  7- 9 | 10-12 || total
-------------------------+-------+-------+-------+-------++-------
Melee: Long sword        |    86 |       |       |    73 ||   159
       Bite              |    15 |    32 |   121 |   305 ||   473
       Dagger            |    11 |    79 |   222 |   203 ||   515
       Falchion          |       |    17 |    84 |   153 ||   254
       Rapier            |       |       |    13 |   373 ||   386
Throw: Stone             |     3 |    22 |    22 |    78 ||   125
       Boomerang         |       |     6 |    13 |    26 ||    45
       Dart              |       |       |       |     5 ||     5
Invok: Minor Destruction |       |       |       |     3 ||     3
       Lesser Servant of |       |       |       |     3 ||     3
Evoke: Wand              |       |       |       |     6 ||     6
  Use: Scroll            |     1 |       |     4 |     3 ||     8
       Potion            |       |     1 |     2 |     1 ||     4
 Stab: Sleeping          |       |       |    10 |    13 ||    23
       Paralysed         |       |       |       |     1 ||     1
Armor: Scale mail        |    31 |    26 |    32 |       ||    89
       Leather armour    |       |       |    53 |    84 ||   137
       Troll leather arm |       |       |       |    58 ||    58
Dodge: Dodged            |    55 |    38 |   135 |   267 ||   495
Block: Buckler           |    18 |    14 |    80 |   151 ||   263
